 Dungeon Crawl Stone Soup version 0.30-a0-930-gb9d0489357 (webtiles) character file.

Game seed: 9571532791217058909

46 12sPaWn12 the Trooper (level 3, -1/40 HPs)
             Began as an Ogre Berserker on Mar 23, 2023.
             Was a Believer of Trog.
             Slain by a hobgoblin (3 damage)
             ... led by Robin
             ... on level 2 of the Dungeon.
             The game lasted 00:01:22 (1229 turns).

12sPaWn12 the Trooper (Ogre Berserker)              Turns: 1229, Time: 00:01:22

Health: -1/40      AC:  3    Str: 23    XL:     3   Next: 68%
Magic:  0/3        EV: 10    Int:  8    God:    Trog [**....]
Gold:   26         SH:  0    Dex:  8    Spells: 2/2 levels left

rFire   . . .      SeeInvis .    a - +1 mace
rCold   . . .      Faith    .    (no shield)
rNeg    . . .      Spirit   +    b - +0 animal skin
rPois   .          Reflect  .    (helmet restricted)
rElec   .          Rampage  .    (no cloak)
rCorr   .                        (gloves unavailable)
Will    .....                    (boots unavailable)
Stlth   +                        e - amulet of guardian spirit
HPRegen 0.26/turn                (no ring)
MPRegen 0.08/turn                (no ring)

@: no status effects
A: large, unfitting armour, tough skin 1
a: Renounce Religion, Berserk, Trog's Hand


You were on level 2 of the Dungeon.
You worshipped Trog.
Trog was pleased with you.
You visited 1 branch of the dungeon, and saw 2 of its levels.

You collected 26 gold pieces.

Inventory:

Hand Weapons
 a - a +1 mace (weapon)
Armour
 b - a +0 animal skin (worn)
Jewellery
 e - an amulet of guardian spirit (around neck)
 f - an amulet of reflection
Scrolls
 c - 3 scrolls of identify {unknown}
 d - 2 scrolls of vulnerability {unknown}
 h - 3 scrolls of blinking {unknown}
 i - 2 scrolls of teleportation {unknown}
 j - 2 scrolls of fog {unknown}
 k - a scroll of acquirement {unknown}


   Skills:
 * Level 4.7 Fighting
 * Level 3.3 Maces & Flails
 * Level 0.4 Armour
 * Level 3.0 Dodging


You had 2 spell levels left.
You didn't know any spells.
Your spell library was empty.

Dungeon Overview and Level Annotations

Branches:
Dungeon (2/15)

Altars:


Innate Abilities, Weirdness & Mutations

You are too large for most types of armour.
You have tough skin. (AC +1)


Message History

You are too injured to fight recklessly!
You are too injured to fight recklessly!
You hit the goblin.
The goblin is moderately wounded.
Robin hits you with a +0 mace.
* * * LOW HITPOINT WARNING * * *
The goblin hits you with a +0 club.
* * * LOW HITPOINT WARNING * * *
You miss the goblin.
The goblin is moderately wounded.
The goblin no longer looks unusually strong.
Robin roars a battlecry!
The goblin goes into a battle-frenzy!
A goblin comes into view. It is wielding a +0 dagger.
The goblin hits you with a +0 club.
* * * LOW HITPOINT WARNING * * *
The goblin shouts!
You hit the goblin.
You kill the goblin!
Trog accepts your kill. Robin closely misses you.
Robin hits you but does no damage.
You hit Robin.
You kill Robin!
Trog accepts your kill.
You barely miss the hobgoblin.
The goblin no longer looks unusually strong.
The hobgoblin no longer looks unusually strong.
The hobgoblin hits you.
* * * LOW HITPOINT WARNING * * *
The hobgoblin no longer looks unusually strong.
Things that are here:
a +0 club; a +0 sling A goblin comes into view.
It is wielding a +0 dagger.
The goblin shouts!
You aren't carrying any potions.
You aren't carrying any potions.
As you read the scroll labelled ANEFEI IWUURCH, it crumbles to dust.
It is a scroll of enchant weapon.
Your +0 mace glows red for a moment.
The hobgoblin hits you.
You die...

............# #.####....
.........g..# #.##.'....
....[......g############.##.#....
............g..........#.##.#....
.........g..g...g####.##.##......
........>...####)# #....#####.#'
############# #g# ##########.#.
#g# .........#. #@# ###########
#....g.# ########


You could see 2 hobgoblins and 2 goblins.

Vanquished Creatures
  Robin (D:2)
  2 dart slugs (D:1)
  2 bats
  3 endoplasms
  A giant cockroach (D:1)
  6 goblins
  4 hobgoblins
  3 quokkas (D:1)
  3 ball pythons (D:1)
  A frilled lizard (D:1)
  2 rats (D:1)
28 creatures vanquished.

Notes
Turn   | Place    | Note
-------+----------+-------------------------------------------
     0 | D:1      | 12sPaWn12 the Ogre Berserker began the quest for the Orb.
     0 | D:1      | Reached XP level 1. HP: 24/24 MP: 1/1
   310 | D:1      | Reached XP level 2. HP: 31/32 MP: 2/2
   734 | D:1      | Reached XP level 3. HP: 40/40 MP: 3/3
  1193 | D:2      | Noticed Robin
  1214 | D:2      | Reached ** piety under Trog
  1223 | D:2      | HP: 2/40 [goblin/+0 club[Robin] (6)]
  1225 | D:2      | Killed Robin
  1229 | D:2      | Slain by a hobgoblin

Illustrated notes

Levels and vault maps discovered:
D:1:      tarquinn_simple_flora_water_f, layout_loops_corners, st_stairs_14,
          minmay_pentomino_s2
D:2:      layout_basic, chequers_serial_rivers_small_b,
          kennysheep_cross_bottleneck, uniq_robin, uniq_natasha

Skill      XL: |  1  2 |
---------------+-------+-----
Maces & Flails | 3 |  3.3
Dodging        | 3 |  3.0
Fighting       | |  4.7
Armour         | |  0.4

Action                     || total
---------------------------++-------
  Melee: Mace              ||    77
    Use: Scroll            ||     1
 Armour: Animal skin       ||    21
  Dodge: Dodged            ||    43

Table legend: (Time is in decaauts)
 A = Elapsed time spent in this place.
 B = Non-inter-level travel time spent in this place.
 C = Inter-level travel time spent in this place.
 D = Time resting spent in this place.
 E = Time spent auto-exploring this place.
 F = Levels seen in this place.
 G = Mean time per level.
                   A        B        C        D        E       F      G
               +--------+--------+--------+--------+--------+-----+--------+
         Total |   1248 |   1209 |     39 |      0 |   1012 |   2 |  624.0 |
       Dungeon |   1248 |   1209 |     39 |      0 |   1012 |   2 |  624.0 |
               +--------+--------+--------+--------+--------+-----+--------+

Top non-repeatable levels by time:
     D:1: 1013 daAuts
     D:2: 235 daAuts
